[ AOE2 MATCH · #513622246 ]
UnrankedMagyars vs Vietnamese
Player's team · WIN
[ REPLAY ANALYSIS · EXTRACTED FROM THE RECORDED GAME ]
Feudal
12:56
Castle
—
Imperial
—
| APM avg | 54.9 |
| APM peak | 82 |
| eAPM avg | 24.5 |
| Villagers / military | 64 / 50 |
Focus
⚔️ 35.2% · 🌾 64.8%
Scout Cavalry ×19 · Skirmisher ×16 · Archer ×8 · Spearman ×7
Feudal
13:58
Castle
—
Imperial
—
| APM avg | 75.0 |
| APM peak | 117 |
| eAPM avg | 27.9 |
| Villagers / military | 70 / 43 |
Focus
⚔️ 45.7% · 🌾 54.3%
Archer ×16 · Spearman ×16 · Scout Cavalry ×10 · Skirmisher ×1
Match map
Initial resources + every placement click. Lines = walls · curves = elevation contours. ◆ gold · ⬟ stone · ● berries · ✦ relic · ◌ wall gap
Your base· Open — unwalled flank
DGHIR | chanchilaru's base· Open — unwalled flank
Smoothed initial terrain · ◌ = detected wall gap · hover for details
Inputs per minute
— Y - - DGHIR | chanchilaru
Build order — Y
First 150 of 189 actions detected
| 0:00 | Queue | Villager (Male) |
| 0:00 | Queue | Villager (Male) |
| 0:01 | Queue | Villager (Male) |
| 0:02 | Build | House |
| 0:02 | Build | House |
| 0:10 | Queue | Villager (Male) |
| 1:28 | Queue | Villager (Male) |
| 1:57 | Queue | Villager (Male) |
| 2:16 | Queue | Villager (Male) |
| 2:37 | Build | Lumber Camp |
| 3:02 | Queue | Villager (Male) |
| 3:02 | Queue | Villager (Male) |
| 3:05 | Build | Palisade Wall |
| 3:06 | Build | Palisade Wall |
| 3:32 | Queue | Villager (Male) |
| 4:00 | Queue | Villager (Male) |
| 4:15 | Queue | Villager (Male) |
| 4:24 | Build | House |
| 4:30 | Research | Loom |
| 4:52 | Queue | Villager (Male) |
| 5:10 | Queue | Villager (Male) |
| 5:33 | Queue | Villager (Male) |
| 5:36 | Build | House |
| 6:07 | Queue | Villager (Male) |
| 6:30 | Queue | Villager (Male) |
| 7:05 | Queue | Villager (Male) |
| 7:40 | Queue | Villager (Male) |
| 8:01 | Queue | Villager (Male) |
| 8:30 | Queue | Villager (Male) |
| 8:35 | Build | House |
| 8:36 | Queue | Villager (Male) |
| 8:56 | Queue | Villager (Male) |
| 9:31 | Build | Mill |
| 9:47 | Queue | Villager (Male) |
| 9:59 | Build | Farm |
| 10:07 | Build | Farm |
| 10:28 | Build | Farm |
| 10:46 | Research | Feudal Age |
| 11:40 | Queue | Villager (Male) |
| 11:50 | Build | Palisade Wall |
| 11:52 | Build | Palisade Wall |
| 11:53 | Build | Palisade Wall |
| 12:11 | Queue | Villager (Male) |
| 12:53 | Queue | Villager (Male) |
| 12:56 | Age | Feudal Age |
| 13:01 | Build | Barracks |
| 13:01 | Queue | Villager (Male) |
| 13:43 | Build | Stable |
| 14:09 | Research | Double-Bit Axe |
| 14:11 | Queue | Spearman |
| 14:12 | Queue | Scout Cavalry |
| 14:18 | Build | House |
| 14:20 | Queue | Villager (Male) |
| 14:39 | Build | Farm |
| 14:41 | Build | House |
| 14:53 | Build | Farm |
| 15:02 | Build | Farm |
| 15:04 | Queue | Villager (Male) |
| 15:09 | Queue | Scout Cavalry |
| 15:31 | Queue | Villager (Male) |
| 15:36 | Build | Archery Range |
| 15:50 | Queue | Villager (Male) |
| 15:52 | Build | Farm |
| 16:10 | Queue | Villager (Male) |
| 16:22 | Build | Watch Tower |
| 16:26 | Queue | Skirmisher |
| 16:28 | Queue | Villager (Male) |
| 16:32 | Build | House |
| 16:42 | Queue | Scout Cavalry |
| 16:52 | Build | Farm |
| 17:06 | Queue | Skirmisher |
| 17:29 | Queue | Spearman |
| 17:30 | Queue | Skirmisher |
| 18:00 | Queue | Spearman |
| 18:01 | Queue | Scout Cavalry |
| 18:07 | Queue | Skirmisher |
| 18:14 | Queue | Villager (Male) |
| 18:15 | Queue | Scout Cavalry |
| 18:21 | Queue | Scout Cavalry |
| 18:36 | Build | Watch Tower |
| 18:43 | Queue | Scout Cavalry |
| 18:47 | Queue | Villager (Male) |
| 18:52 | Build | Mining Camp |
| 18:54 | Queue | Villager (Male) |
| 19:32 | Queue | Villager (Male) |
| 19:51 | Build | Watch Tower |
| 19:52 | Queue | Villager (Male) |
| 20:09 | Queue | Villager (Male) |
| 20:11 | Build | Farm |
| 20:13 | Build | Farm |
| 20:33 | Queue | Villager (Male) |
| 20:36 | Queue | Skirmisher |
| 20:45 | Queue | Scout Cavalry |
| 20:55 | Build | House |
| 21:01 | Queue | Villager (Male) |
| 21:02 | Build | Farm |
| 21:10 | Queue | Skirmisher |
| 21:22 | Queue | Villager (Male) |
| 21:28 | Build | Farm |
| 21:37 | Queue | Skirmisher |
| 21:46 | Queue | Villager (Male) |
| 21:57 | Build | Blacksmith |
| 22:06 | Queue | Scout Cavalry |
| 22:19 | Queue | Skirmisher |
| 22:29 | Queue | Villager (Male) |
| 22:31 | Build | Mining Camp |
| 22:34 | Build | House |
| 22:39 | Research | Fletching |
| 22:39 | Research | Fletching |
| 22:49 | Queue | Villager (Male) |
| 23:16 | Queue | Villager (Male) |
| 23:32 | Queue | Scout Cavalry |
| 23:39 | Queue | Villager (Male) |
| 23:40 | Build | Farm |
| 23:51 | Build | House |
| 24:06 | Queue | Spearman |
| 24:25 | Queue | Villager (Male) |
| 24:41 | Build | Farm |
| 24:47 | Build | Stable |
| 25:11 | Queue | Villager (Male) |
| 25:12 | Queue | Spearman |
| 25:13 | Build | Farm |
| 25:16 | Build | Farm |
| 25:19 | Build | Farm |
| 25:21 | Queue | Spearman |
| 25:22 | Queue | Skirmisher |
| 25:40 | Queue | Spearman |
| 25:41 | Queue | Skirmisher |
| 25:42 | Queue | Villager (Male) |
| 25:44 | Queue | Scout Cavalry |
| 25:56 | Build | Archery Range |
| 26:01 | Queue | Skirmisher |
| 26:06 | Queue | Villager (Male) |
| 26:14 | Queue | Scout Cavalry |
| 26:24 | Build | Watch Tower |
| 26:29 | Queue | Villager (Male) |
| 26:34 | Build | House |
| 26:44 | Research | Town Watch |
| 26:44 | Queue | Scout Cavalry |
| 26:47 | Build | Farm |
| 26:57 | Build | Farm |
| 27:14 | Queue | Skirmisher |
| 27:14 | Queue | Skirmisher |
| 27:19 | Queue | Villager (Male) |
| 27:24 | Queue | Skirmisher |
| 27:30 | Queue | Skirmisher |
| 27:37 | Build | Watch Tower |
| 27:50 | Queue | Scout Cavalry |
| 27:51 | Queue | Skirmisher |
| 27:57 | Build | Watch Tower |
Build order — DGHIR | chanchilaru
First 150 of 186 actions detected
| 0:00 | Queue | Villager (Male) |
| 0:00 | Queue | Villager (Male) |
| 0:00 | Queue | Villager (Male) |
| 0:00 | Queue | Villager (Male) |
| 0:02 | Build | House |
| 0:03 | Build | House |
| 1:18 | Queue | Villager (Male) |
| 1:54 | Queue | Villager (Male) |
| 2:10 | Queue | Villager (Male) |
| 2:34 | Queue | Villager (Male) |
| 2:57 | Build | Palisade Wall |
| 3:01 | Queue | Villager (Male) |
| 3:36 | Build | Lumber Camp |
| 3:45 | Research | Loom |
| 3:55 | Queue | Villager (Male) |
| 3:55 | Queue | Villager (Male) |
| 3:55 | Queue | Villager (Male) |
| 4:11 | Queue | Villager (Male) |
| 4:29 | Queue | Villager (Male) |
| 4:46 | Build | Palisade Wall |
| 4:48 | Build | Palisade Wall |
| 5:11 | Queue | Villager (Male) |
| 5:21 | Build | House |
| 6:09 | Build | Mill |
| 6:28 | Queue | Villager (Male) |
| 6:40 | Queue | Villager (Male) |
| 6:40 | Queue | Villager (Male) |
| 6:51 | Build | Palisade Gate |
| 7:00 | Queue | Villager (Male) |
| 7:00 | Queue | Villager (Male) |
| 7:57 | Queue | Villager (Male) |
| 8:02 | Build | House |
| 8:10 | Build | Palisade Wall |
| 8:11 | Build | Palisade Wall |
| 8:11 | Build | Palisade Wall |
| 8:35 | Queue | Villager (Male) |
| 8:59 | Queue | Villager (Male) |
| 9:00 | Queue | Villager (Male) |
| 9:25 | Queue | Villager (Male) |
| 9:46 | Build | Mill |
| 10:24 | Build | House |
| 10:58 | Queue | Villager (Male) |
| 10:58 | Queue | Villager (Male) |
| 11:43 | Queue | Villager (Male) |
| 11:47 | Research | Feudal Age |
| 13:25 | Queue | Villager (Male) |
| 13:25 | Queue | Villager (Male) |
| 13:29 | Build | Barracks |
| 13:34 | Queue | Villager (Male) |
| 13:34 | Queue | Villager (Male) |
| 13:51 | Queue | Villager (Male) |
| 13:58 | Age | Feudal Age |
| 14:08 | Queue | Spearman |
| 14:10 | Build | House |
| 14:18 | Build | Outpost |
| 14:22 | Build | House |
| 14:23 | Build | House |
| 14:26 | Build | Palisade Gate |
| 14:30 | Build | House |
| 14:31 | Build | Palisade Wall |
| 14:36 | Queue | Spearman |
| 14:41 | Queue | Villager (Male) |
| 14:46 | Build | Outpost |
| 14:59 | Queue | Villager (Male) |
| 15:16 | Queue | Spearman |
| 15:23 | Research | Town Watch |
| 15:31 | Build | Palisade Wall |
| 15:33 | Build | Palisade Wall |
| 15:34 | Build | Palisade Wall |
| 15:37 | Build | Palisade Wall |
| 15:44 | Queue | Villager (Male) |
| 15:44 | Queue | Villager (Male) |
| 15:55 | Build | Archery Range |
| 16:03 | Build | Palisade Wall |
| 16:05 | Build | Palisade Wall |
| 16:08 | Queue | Villager (Male) |
| 16:15 | Build | Mining Camp |
| 16:23 | Queue | Villager (Male) |
| 16:51 | Build | Watch Tower |
| 16:56 | Queue | Archer |
| 16:57 | Queue | Spearman |
| 17:07 | Queue | Villager (Male) |
| 17:09 | Queue | Skirmisher |
| 17:38 | Build | Watch Tower |
| 17:58 | Queue | Villager (Male) |
| 17:58 | Queue | Villager (Male) |
| 18:19 | Queue | Spearman |
| 18:19 | Queue | Spearman |
| 18:43 | Build | Farm |
| 18:43 | Build | Farm |
| 18:43 | Build | Farm |
| 18:43 | Build | Farm |
| 18:43 | Build | Farm |
| 18:44 | Build | Farm |
| 18:52 | Build | Palisade Gate |
| 19:12 | Queue | Spearman |
| 19:46 | Queue | Villager (Male) |
| 19:47 | Queue | Villager (Male) |
| 19:49 | Build | Farm |
| 19:51 | Build | Farm |
| 20:04 | Queue | Villager (Male) |
| 20:05 | Queue | Villager (Male) |
| 20:13 | Build | Blacksmith |
| 20:16 | Build | House |
| 20:21 | Queue | Archer |
| 20:24 | Queue | Villager (Male) |
| 20:24 | Queue | Villager (Male) |
| 20:27 | Build | Palisade Wall |
| 20:31 | Build | Palisade Wall |
| 20:43 | Queue | Villager (Male) |
| 20:50 | Queue | Archer |
| 21:03 | Research | Fletching |
| 21:10 | Queue | Archer |
| 21:14 | Build | Farm |
| 21:18 | Queue | Villager (Male) |
| 21:24 | Queue | Villager (Male) |
| 21:28 | Queue | Archer |
| 21:41 | Queue | Spearman |
| 22:05 | Queue | Archer |
| 22:31 | Build | Stable |
| 22:45 | Queue | Villager (Male) |
| 22:45 | Queue | Villager (Male) |
| 22:49 | Research | Forging |
| 22:52 | Build | Farm |
| 22:53 | Queue | Villager (Male) |
| 22:55 | Queue | Archer |
| 22:55 | Queue | Archer |
| 23:15 | Queue | Scout Cavalry |
| 23:18 | Build | Farm |
| 23:20 | Queue | Archer |
| 23:23 | Build | Palisade Wall |
| 23:39 | Build | Farm |
| 23:50 | Build | Lumber Camp |
| 23:52 | Queue | Villager (Male) |
| 23:53 | Queue | Villager (Male) |
| 24:07 | Build | House |
| 24:31 | Queue | Spearman |
| 24:32 | Queue | Archer |
| 24:37 | Queue | Scout Cavalry |
| 24:51 | Queue | Spearman |
| 25:10 | Queue | Spearman |
| 25:38 | Queue | Villager (Male) |
| 25:39 | Queue | Archer |
| 25:55 | Queue | Scout Cavalry |
| 26:19 | Queue | Spearman |
| 26:20 | Queue | Spearman |
| 26:20 | Queue | Spearman |
| 26:34 | Queue | Archer |
| 26:34 | Queue | Archer |
| 26:36 | Build | House |
Match timeline
| 2:57 | DGHIR | chanchilaru · wall_segment Palisade Wall x1 |
| 3:05 | Y · wall_segment Palisade Wall x1 |
| 3:06 | Y · wall_segment Palisade Wall x1 |
| 4:46 | DGHIR | chanchilaru · wall_segment Palisade Wall x4 |
| 4:48 | DGHIR | chanchilaru · wall_segment Palisade Wall x2 |
| 8:10 | DGHIR | chanchilaru · wall_segment Palisade Wall x1 |
| 8:11 | DGHIR | chanchilaru · wall_segment Palisade Wall x1 |
| 8:11 | DGHIR | chanchilaru · wall_segment Palisade Wall x1 |
| 11:50 | Y · wall_segment Palisade Wall x1 |
| 11:52 | Y · wall_segment Palisade Wall x1 |
| 11:53 | Y · wall_segment Palisade Wall x1 |
| 12:56 | Y · age_up feudal |
| 13:01 | Y · first_building Barracks |
| 13:29 | DGHIR | chanchilaru · first_building Barracks |
| 13:43 | Y · first_building Stable |
| 13:58 | DGHIR | chanchilaru · age_up feudal |
| 14:31 | DGHIR | chanchilaru · wall_segment Palisade Wall x2 |
| 15:31 | DGHIR | chanchilaru · wall_segment Palisade Wall x2 |
| 15:33 | DGHIR | chanchilaru · wall_segment Palisade Wall x1 |
| 15:34 | DGHIR | chanchilaru · wall_segment Palisade Wall x1 |
| 15:36 | Y · first_building Archery Range |
| 15:37 | DGHIR | chanchilaru · wall_segment Palisade Wall x1 |
| 15:55 | DGHIR | chanchilaru · first_building Archery Range |
| 16:03 | DGHIR | chanchilaru · wall_segment Palisade Wall x1 |
| 16:05 | DGHIR | chanchilaru · wall_segment Palisade Wall x1 |
| 20:27 | DGHIR | chanchilaru · wall_segment Palisade Wall x2 |
| 20:31 | DGHIR | chanchilaru · wall_segment Palisade Wall x1 |
| 22:31 | DGHIR | chanchilaru · first_building Stable |
| 23:23 | DGHIR | chanchilaru · wall_segment Palisade Wall x1 |
| 29:24 | DGHIR | chanchilaru · first_market_buy 100 food |
| 33:18 | DGHIR | chanchilaru · resign |
[ AI ANALYSIS · 1 CREDIT ]
What really happened in this match?
Wolo.gg analyzes every decision: build order, eco, micro, common mistakes by bracket. Personalized analysis on WhatsApp or Discord in 30 seconds.
Civ guide
Magyars
Perfil
Jugador #1016523